 Dungeon Crawl Stone Soup version 0.31.0-32-g396128a36d (webtiles) character file.

Game seed: 4971937958125658603

133 melchizedek the Ruffian (level 5, -2/33 HPs)
             Began as an Octopode Shapeshifter on Apr 1, 2024.
             Was a Believer of Dithmenos.
             Shot with an arrow by a centaur (11 damage)
             ... on level 5 of the Dungeon on Apr 4, 2024.
             The game lasted 00:09:59 (2537 turns).

melchizedek the Ruffian (Octopode Shapeshifter)     Turns: 2537, Time: 00:09:59

Health: -2/33      AC:  1    Str: 14    XL:     5   Next: 16%
Magic:  5/5        EV: 13    Int: 12    God:    Dithmenos [**....]
Gold:   194        SH:  0    Dex: 13    Spells: 4/4 levels left

rFire   + +          .
                       - Unarmed
rCold   . . .        (no shield)
rNeg    + . .        (helmet currently unavailable)
rPois   .            (no amulet)
rElec   .            h - ring of protection from fire
rCorr   .            n - ring of positive energy
SInv    +            o - ring of see invisible
Will    .....        t - ring of protection from fire
Stlth   ++++         (no ring)
HPRegen 0.25/turn    (no ring)
MPRegen 0.09/turn    (no ring)
                     (no ring)

%: no passive effects
@: beast-form, wreathed by umbra
A: beast (slay +1), almost no armour, amphibious, 8 rings, camouflage 1,
gelatinous body 1, (nimble swimmer 1), tentacles
a: Begin Untransformation, Renounce Religion, Shadow Step


You were on level 5 of the Dungeon.
You worshipped Dithmenos.
Dithmenos was pleased with you.
You were a hulking beast.
You visited 1 branch of the dungeon, and saw 5 of its levels.

You collected 194 gold pieces.

Inventory:

Hand Weapons
 e - a +1 short sword of electrocution
 j - a +0 sling
Missiles
 k - 12 stones (quivered)
 m - 2 atropa-tipped darts
 p - 4 boomerangs
 u - 9 poisoned darts
Jewellery
 h - a ring of protection from fire (left tentacle)
 n - a ring of positive energy (right tentacle)
 o - a ring of see invisible (on tentacle)
 t - a ring of protection from fire (on tentacle)
 w - a +4 ring of protection
Talismans
 b - a beast talisman (active)
 c - a flux talisman
 r - a blade talisman
Wands
 v - a wand of iceblast (4)
Scrolls
 d - 2 scrolls of identify
 g - a scroll of enchant weapon
 q - a scroll of noise
 s - a scroll of butterflies
Potions
 a - a potion of lignification
 i - 2 potions of cancellation
 l - a potion of enlightenment {unknown}


   Skills:
 + Level 1.2 Fighting
 + Level 2.5 Dodging
 * Level 3.8 Stealth
 * Level 4.2 Unarmed Combat
 * Level 3.3 Shapeshifting


You had 4 spell levels left.
You didn't know any spells.
Your spell library was empty.

Dungeon Overview and Level Annotations

Branches:
Dungeon (5/15)
 Temple: D:4-7

Altars:
Dithmenos

Annotations:
D:3 1 runed translucent door, Crazy Yiuf


Innate Abilities, Weirdness & Mutations

You are a hulking beast.
Your limbs bulge with bestial killing power. (Slay +1)
You cannot wear most types of armour.
You are amphibious.
You can wear up to eight rings at the same time.
Your skin changes colour to match your surroundings (Stealth+).
Your rubbery body absorbs attacks. (AC +1, EV +1)
((You are camouflaged when in or above water. (Stealth+)))
You have tentacles for arms and can constrict up to eight enemies at once.


Message History

You see here a throwing net.
You see here a throwing net.
The gnoll attacks as it pursues you! The gnoll misses you.
A gnoll comes into view. It is wielding a +0 halberd.
There is a stone staircase leading down here.
You can't go up here!
You climb downwards.
You hear the hiss of flowing sand.
There is an entrance to an ossuary on this level.
Hurry and find it before the portal is buried!
There is a stone staircase leading up here.
As you read the scroll of identify, it crumbles to dust.
q - a scroll of noise
As you read the scroll of identify, it crumbles to dust.
s - a scroll of butterflies
Found a glass wand.
Found a diamond ring and a scroll labelled HELITU AFFOSOOTA.
v - a wand of iceblast (4)
A centaur comes into view.
You see here a +4 ring of protection.
w - a +4 ring of protection The centaur shouts!
The centaur wields a +0 shortbow.
The centaur shoots an arrow.
The arrow closely misses you.
The centaur shoots an arrow.
The arrow hits you!
The centaur shoots an arrow.
The arrow hits you!
The centaur shoots an arrow.
The arrow hits you!
* * * LOW HITPOINT WARNING * * *
The centaur shoots an arrow.
The arrow barely misses you.
Okay, then.
You feel much better.
The centaur shoots an arrow.
The arrow hits you!
The centaur shoots an arrow.
The arrow misses you.
You feel much better.
The centaur shoots an arrow.
The arrow closely misses you.
It was a potion of cancellation.
You feel magically purged.
The centaur shoots an arrow.
The arrow hits you!
The centaur shoots an arrow.
The arrow hits you.
The centaur shoots an arrow.
The arrow hits you!
* * * LOW HITPOINT WARNING * * *
The centaur shoots an arrow.
The arrow hits you!
You die...

#########
#..h....#
#.#####c##
# #......#
....
+......#
#.?.
#......####
#...
###+#c....#
#...###
#.......+
.##.....#
#.......#
........#
#.#..####


You could see a centaur.

Vanquished Creatures
  Terence (D:3)
  Robin (D:3)
  A gnoll (D:4)
  2 adders
  2 dart slugs
  2 ribbon worms
  5 endoplasms
  2 giant cockroaches
  8 goblins
  8 hobgoblins
  2 jackals (D:1)
  5 kobolds
  3 quokkas
  6 ball pythons
  3 frilled lizards
  5 rats
56 creatures vanquished.

Notes
Turn   | Place    | Note
-------+----------+-------------------------------------------
     0 | D:1      | melchizedek the Octopode Shapeshifter began the quest for
                  | the Orb.
     0 | D:1      | Reached XP level 1. HP: 13/13 MP: 1/1
   128 | D:1      | Reached XP level 2. HP: 18/18 MP: 2/2
   623 | D:2      | Reached XP level 3. HP: 15/23 MP: 3/3
  1250 | D:2      | Found a faded altar of an unknown god.
  1255 | D:2      | Prayed at the altar of an unknown god.
  1255 | D:2      | Became a worshipper of Dithmenos the Shadowed
  1255 | D:2      | Reached * piety under Dithmenos
  1315 | D:3      | Noticed Terence
  1343 | D:3      | Reached skill level 1 in Stealth
  1528 | D:3      | Noticed Robin
  1554 | D:3      | Killed Robin
  1555 | D:3      | Reached XP level 4. HP: 28/28 MP: 4/4
  1836 | D:3      | Killed Terence
  1877 | D:3      | Reached skill level 4 in Unarmed Combat
  1897 | D:3      | Identified the +4 whip "Ygoqeni" {spect, Str+2}
  2102 | D:3      | Found a runed translucent door.
  2103 | D:3      | Noticed Crazy Yiuf
  2373 | D:4      | Reached XP level 5. HP: 31/33 MP: 5/5
  2423 | D:4      | Reached ** piety under Dithmenos
  2506 | D:5      | Entered Level 5 of the Dungeon
  2518 | D:5      | Noticed a centaur
  2537 | D:5      | Shot with an arrow by a centaur

Illustrated notes

Levels and vault maps discovered:
D:1:      scummos_arrival_hexagon, layout_basic, kennysheep_nondescript
D:2:      layout_basic, hellmonk_ecumenical_altar_inner_sanctum, minmay_ruptured
D:3:      layout_basic, hex_large, uniq_robin, uniq_crazy_yiuf_cottage,
          uniq_terence
D:4:      layout_basic
D:5:      layout_basic, enter_ossuary_4, kennysheep_diamond,
          chequers_serial_rivers_large_a, grunt_ministairs_7,
          serial_park_tiny_1, minmay_diced_spiral

Skill      XL: |  1  2  3  4 |
---------------+-------------+-----
Stealth        | 2 3 |  3.8
Unarmed Combat | 4 |  4.2
Fighting       | |  1.2
Dodging        | |  2.5
Shapeshifting  | |  3.3

Action                     |  1- 3 |  4- 6 || total
---------------------------+-------+-------++-------
  Melee: Unarmed           |    78 |    40 ||   118
         Tentacles         |     9 |     7 ||    16
         Constrict         |    17 |    13 ||    30
         Punch             |     3 |     2 ||     5
  Throw: Stone             |     1 |       ||     1
Ability: Begin Untransform |       |     1 ||     1
    Use: Scroll            |     2 |     2 ||     4
         Potion            |     1 |     3 ||     4
   Stab: Sleeping          |     9 |     3 ||    12
         Distracted        |       |     1 ||     1
 Armour: Skin              |    25 |    14 ||    39
  Dodge: Dodged            |    49 |    25 ||    74
   Form: Beast             |       |     1 ||     1
